Map: Galactic Process LE

Players

Amix

  • Race: Terran Terran
  • League: Platinum
  • Spawn Location: 7:00

Koschder - Winner!

  • Race: Terran Terran
  • League: Gold
  • Spawn Location: 1:00

VOD

Have the link to the VOD?

Description

Time

  • Played on: Nov. 13, 2016, 5:38 a.m.
  • Length: 4:28
Show
View Real Time Build Order
Export as new Build Order

Amix Terran 

Build Orders: Command Center First (CC) 

Get SALT Encoding   

  12  0:10  SCV  
  13  0:23  SCV  
  14  0:31  Supply Depot  
  14  0:35  SCV  
  15  0:57  Command Center  
  15  1:01  SCV  
  16  1:15  Barracks  
  16  1:19  SCV  
  17  1:31  SCV  
  18  1:43  SCV  
  19  1:49  Refinery  
  19  1:50  Refinery  
  19  1:55  SCV  
  20  2:08  Barracks  
  20  2:14  Orbital Command  
  20  2:17  SCV  
  22  2:38  Orbital Command  
  21  2:47  Barracks  
  21  2:59  SCV  
  21  3:00  Barracks  
  21  3:02  Barracks  
  21  3:04  SCV  
  23  3:17  SCV x2  
  25  3:29  SCV x2  
  25  3:33  Barracks Tech Lab, Barracks Reactor  
  27  3:41  SCV x2  
  27  3:47  Bunker  
  13  4:06  Marine x2  
Show
View Real Time Build Order
Export as new Build Order

Koschder Terran - Winner!

Build Orders:  

Get SALT Encoding   

  12  0:01  SCV  
  13  0:13  SCV  
  14  0:17  Supply Depot  
  14  0:25  SCV  
  15  0:29  Refinery  
  15  0:39  SCV  
  16  0:47  Barracks  
  16  0:51  SCV  
  17  1:04  Barracks  
  17  1:11  SCV  
  18  1:23  SCV  
  18  1:24  Supply Depot  
  19  1:35  SCV  
  20  1:42  Reaper  
  21  1:47  SCV  
  21  1:53  Reaper  
  23  1:59  Refinery, SCV  
  24  2:12  SCV  
  24  2:14  Reaper  
  26  2:24  SCV  
  27  2:33  Reaper  
  27  2:36  Orbital Command  
  28  2:42  Command Center  
  28  2:53  Factory  
  28  2:55  Marine  
  29  3:03  SCV  
  30  3:05  Marine  
  31  3:22  Supply Depot  
  31  3:43  Marine x2  
  31  3:45  Supply Depot  
  33  4:01  Marine x2  
  35  4:24  Factory Tech Lab  
  35  4:25  Barracks Tech Lab  
Tags
 
Add a new tag
Caveats
  • Supply blocks, unpowered buildings, or Contaminate may cause inaccurate times.
  • Supply counts are checked every 10 seconds.